 Dungeon Crawl Stone Soup version 0.17-a0-1714-g35622ae (webtiles) character file.

176 kae the Slasher (level 5, 0/45 HPs)
             Began as a Minotaur Fighter on Aug 23, 2015.
             Slain by an orc warrior
             ... wielding a +0 long sword
              (1 damage)
             ... on level 4 of the Dungeon.
             The game lasted 00:01:30 (2456 turns).

kae the Slasher (Minotaur Fighter)                  Turns: 2456, Time: 00:01:30

Health: 0/45       AC:  8    Str: 21    XL:     5   Next: 30%
Magic:  4/4        EV:  7    Int:  6    God:
Gold:   142        SH:  9    Dex:  9    Spells: 0 memorised, 4 levels left

rFire  . . .     SeeInvis .     a - +0 long sword
rCold  . . .     Clarity  .     b - +0 scale mail
rNeg   . . .     SustAt   .     c - +0 shield
rPois  .         Gourm    .     (helmet restricted)
rElec  .         Spirit   .     n - +0 cloak
rCorr  .         Warding  .     (no gloves)
rMut   .         Stasis   .     (no boots)
MR     .....                    (no amulet)
Stlth  ..........               (no ring)
                                (no ring)

@: not resistant to hostile enchantments, extremely unstealthy
A: retaliatory headbutt, horns 2
a: no special abilities


You were on level 4 of the Dungeon.
You were not hungry.

You visited 1 branch of the dungeon, and saw 4 of its levels.

You collected 142 gold pieces.

Inventory:

Hand weapons
 a - a +0 long sword (weapon)
Armour
 b - a +0 scale mail (worn)
 c - a +0 shield (worn)
 n - a +0 cloak (worn)
Jewellery
 l - an uncursed amulet of warding {unknown}
Scrolls
 f - a scroll of fear {unknown}
 h - 3 scrolls of teleportation {unknown}
 i - a scroll of random uselessness {unknown}
 k - 7 scrolls of identify {unknown}
 o - a scroll of recharging {unknown}
 r - a scroll of magic mapping {unknown}
 t - a scroll of amnesia {unknown}
Potions
 d - a potion of might
 g - a potion of curing {unknown}
 m - a potion of poison {unknown}
 p - a potion of magic {unknown}
 q - a potion of heal wounds {unknown}
 s - a potion of invisibility {unknown}
Comestibles
 j - 4 meat rations


   Skills:
 - Level 3.6 Fighting
 + Level 6.7 Long Blades
 - Level 3.6 Armour
 - Level 3.6 Shields


You had 4 spell levels left.
You didn't know any spells.

Dungeon Overview and Level Annotations

Branches:
Dungeon (4/15)
 Temple: D:4-7

Altars:
Fedhas


Innate Abilities, Weirdness & Mutations

You reflexively headbutt those who attack you in melee.
You have a pair of horns on your head.


Message History

The orc warrior is heavily wounded.
The orc warrior hits you with a long sword.
* * * LOW HITPOINT WARNING * * *
You hit the orc warrior but do no damage.
You headbutt the orc warrior, but do no damage.
The orc warrior is heavily wounded.
You block the orc warrior's attack.
You slash the orc warrior!
You headbutt the orc warrior, but do no damage.
The orc warrior is severely wounded.
The orc warrior hits you with a long sword!
* * * LOW HITPOINT WARNING * * *
You closely miss the orc warrior. Your headbutt misses the orc warrior.
The orc warrior is severely wounded.
You block the orc warrior's attack.
Your shield and scale mail prevent you from hitting the orc warrior.
Your headbutt misses the orc warrior.
The orc warrior is severely wounded.
The orc warrior hits you with a long sword.
You die...

#####
###########.#.######.
......o@.............
#######.###.#.######
#.# #.#.# #.# #(#)#
#.# #.#.)...... #.#
..........# #.#
........... #.#
..........#
##.#........


You could see an orc warrior.

Vanquished Creatures
  Natasha (thrice) (D:2)
  5 adders
  3 oozes
  A worm (D:2)
  5 orcs
  A ball python (D:2)
  9 hobgoblins
  10 jackals
  2 quokkas
  7 bats
  5 giant cockroaches
  4 giant newts
  6 goblins
  8 kobolds
  7 rats
76 creatures vanquished.

Notes
Turn   | Place    | Note
--------------------------------------------------------------
     0 | D:1      | kae the Minotaur Fighter began the quest for the Orb.
     0 | D:1      | Reached XP level 1. HP: 19/19 MP: 0/0
   123 | D:1      | Reached XP level 2. HP: 23/26 MP: 1/1
   251 | D:1      | Reached skill level 4 in Long Blades
   491 | D:1      | Reached XP level 3. HP: 25/31 MP: 2/2
   768 | D:2      | Reached skill level 5 in Long Blades
   945 | D:2      | Noticed Natasha
   963 | D:2      | Killed Natasha
   963 | D:2      | Reached XP level 4. HP: 31/39 MP: 3/3
  1187 | D:2      | Noticed Natasha
  1194 | D:2      | Killed Natasha
  1194 | D:2      | Reached skill level 6 in Long Blades
  1228 | D:2      | Noticed Natasha
  1233 | D:2      | Killed Natasha
  1449 | D:2      | Found a blossoming altar of Fedhas.
  1542 | D:3      | Reached XP level 5. HP: 43/45 MP: 4/4
  2141 | D:4      | Noticed an orc warrior
  2162 | D:3      | HP: 2/45 [orc/hand axe (4)]
  2454 | D:4      | HP: 1/45 [orc warrior/long sword (12)]
  2456 | D:4      | Slain by an orc warrior

Vault maps used:
D:1:      lightli_arrival_statuegarden, serial_forest,
          infiniplex_forest_clump_double, infiniplex_forest_zigzag_2,
          infiniplex_forest_zigzag_1, infiniplex_forest_lined_2,
          infiniplex_forest_clump_C, infiniplex_forest_clump_medium,
          infiniplex_forest_lined_room_, infiniplex_forest_clump_tiny
D:2:      fedhas_altar_4, uniq_natasha
D:4:      minmay_door_path, corexii_item_surrounded_by_moat,
          trog_three_pillars_becter, uniq_sigmund, uniq_crazy_yiuf_cottage

Action                   |  1- 3 |  4- 6 || total
-------------------------+-------+-------++-------
Melee: Long sword        |   105 |   105 ||   210
  Eat: Chunk             |       |     4 ||     4
       Bread ration      |       |     1 ||     1
